 Dungeon Crawl Stone Soup version 0.29-a0-96-g93358da72b (webtiles) character file.

Game seed: 15934000945729017424

79 siradein the Insei (level 4, -1/33 HPs)
             Began as a Merfolk Transmuter on Feb 10, 2022.
             Killed by divine providence
             ... invoked by an orc priest
              (11 damage)
             ... on level 2 of the Dungeon.
             The game lasted 00:02:47 (2704 turns).

siradein the Insei (Merfolk Transmuter)             Turns: 2704, Time: 00:02:48

Health: -1/33      AC:  3    Str: 10    XL:     4   Next: 37%
Magic:  5/7        EV: 12    Int: 14    God:
Gold:   69         SH:  0    Dex: 14    Spells: 5/8 levels left

rFire   . . .      SeeInvis .     - Unarmed
rCold   . . .      Faith    .   (no shield)
rNeg    . . .      Spirit   .   k - +0 leather armour
rPois   .          Reflect  .   (helmet currently unavailable)
rElec   .          Harm     .   l - scarf {repulsion}
rCorr   .          Rampage  .   (no gloves)
Will    .....                   (boots currently unavailable)
Stlth   +.........              (no amulet)
HPRegen 0.11/turn               (no ring)
MPRegen 0.10/turn               (no ring)

@: appendages, wereblooded, repel missiles
A: horns 2, (nimble swimmer 2), mertail
a: End Transformation


You were on level 2 of the Dungeon.
You had temporarily grown beastly horns.
You visited 1 branch of the dungeon, and saw 3 of its levels.

You collected 69 gold pieces.

Inventory:

Armour
 c - a +0 helmet (melded)
 k - a +0 leather armour (worn)
 l - a scarf of repulsion (worn)
Scrolls
 a - a scroll of amnesia {unknown}
 h - 2 scrolls of teleportation {unknown}
Potions
 b - a potion of resistance {unknown}
 d - a potion of heal wounds {unknown}
 e - 2 potions of mutation {unknown}
 f - a potion of brilliance {unknown}
 g - a potion of haste {unknown}
 i - a potion of curing {unknown}
 j - 2 potions of flight {unknown}


   Skills:
 + Level 2.1 Fighting
 + Level 3.5 Dodging
 + Level 3.8 Unarmed Combat
 + Level 2.5 Spellcasting
 + Level 3.5 Transmutations


You had 5 spell levels left.
You knew the following spells:

 Your Spells              Type           Power      Damage    Failure   Level
a - Beastly Appendage     Tmut           22%        N/A       7%          1
b - Wereblood             Tmut           11%        N/A       11%         2

Your spell library contained the following spells:

 Spells                   Type           Power      Damage    Failure   Level
 Spider Form              Tmut/Pois      6%         N/A       41%         3
 Ozocubu's Armour         Ice            1%         N/A       67%         3
 Ice Form                 Ice/Tmut       6%         N/A       83%         4
 Ozocubu's Refrigeration  Ice            0%         4d5       100%        7


Dungeon Overview and Level Annotations

Branches:
Dungeon (3/15)

Altars:
Kikubaaqudgha


Innate Abilities, Weirdness & Mutations

You have temporarily grown beastly horns.
((You are very nimble when in or above water. (Stealth+, EV+, Speed+++)))
Your lower body shifts to a powerful aquatic tail in water.


Message History

An orc comes into view. It is wielding a +0 whip.
There are monsters nearby!
There are monsters nearby!
There are monsters nearby!
You grow a pair of large bovine horns.
Your +0 helmet melds into your body.
The orc priest shouts!
The orc throws a boomerang.
The boomerang closely misses you.
The orc priest casts a cantrip, but nothing happens.
An orc comes into view. It is wielding a +0 whip.
Found 2 lumpy silvery potions.
The orc shouts!
The orc throws a boomerang.
The boomerang hits you.
You hit the orc priest but do no damage.
You headbutt the orc priest.
The orc priest is lightly wounded.
A bat comes into view.
The orc throws a boomerang.
The boomerang closely misses you.
The bat moves out of view.
There is an open door here.
Casting: Beastly Appendage (safe; 7% risk of failure)
Confirm with . or Enter, or press ? or * to list all spells.
Your blood is infused with primal strength.
The orc priest mumbles some strange prayers to Beogh against you.
Beogh smites you! The orc priest closely misses you.
You hit the orc priest but do no damage.
The orc priest closely misses you.
You closely miss the orc priest. The orc priest hits you with a +0 mace.
You hit the orc priest.
The orc priest is moderately wounded.
The orc priest begins to cast a cantrip, but forgets the words!
The orc priest hits you with a +0 mace.
* * * LOW HITPOINT WARNING * * *
You completely miss the orc priest.
The orc priest is moderately wounded.
The orc priest barely misses you.
You barely miss the orc priest. Your headbutt misses the orc priest.
The orc priest is moderately wounded.
The orc priest mumbles some strange prayers to Beogh against you.
Beogh smites you!
You die...

###..##.#..#.#####..#..#.........
#..#####.#..#.##..###.##.........
##..#..##.#..#.##..#.o #.........
..###.††##.#..#..###o# #........#
#..#†)#†.##.#.....#..###........#
.###.##...##.#..###... #..#.....#
..#..#..#..##.#..#.o## #..#.....#
###.##.##...##..##o..# #..#.#...#
.'..#..#..#..##.@oo#..!####.#...#
###########################....##
.......................#....##.#
..........................#.##.#
##.....#..............(........#
##.......................#......<
....(..##................#.......
##.....##................###.....
#.....##................# .....


You could see 2 orc priests and 2 orcs.

Vanquished Creatures
  2 adders
  4 dart slugs
  2 endoplasms
  7 giant cockroaches
  5 goblins
  4 hobgoblins
  A quokka (D:1)
  8 ball pythons
  6 bats
  4 frilled lizards
  5 kobolds
  6 rats
54 creatures vanquished.

Notes
Turn   | Place    | Note
-------+----------+-------------------------------------------
     0 | D:1      | siradein the Merfolk Transmuter began the quest for the
                  | Orb.
     0 | D:1      | Reached XP level 1. HP: 15/15 MP: 3/3
   182 | D:1      | Reached XP level 2. HP: 4/21 MP: 3/5
   182 | D:1      | HP: 1/21 [kobold (3)]
   468 | D:1      | Learned a level 2 spell: Wereblood
  1044 | D:1      | Reached XP level 3. HP: 24/27 MP: 4/6
  1357 | D:2      | Found a faded altar of an unknown god.
  1408 | D:2      | You fall into a shaft and drop 1 floor!
  1437 | D:3      | Found an ancient bone altar of Kikubaaqudgha.
  2268 | D:2      | Reached XP level 4. HP: 33/33 MP: 5/7
  2704 | D:2      | Killed from afar by an orc priest

Illustrated notes

Levels and vault maps discovered:
D:1:      sevenhm_arrival_forest_fort_small_6, layout_basic
D:2:      minmay_razor_zed, layout_rooms, ebering_ecumenical_altar_abandoned,
          roderic_roman_lattice
D:3:      layout_rooms, grunt_temple_overflow_open,
          mainiacjoe_overflow_brackets, uniq_grinder

Skill      XL: |  1  2  3 |
---------------+----------+-----
Transmutations | 3 |  3.5
Dodging        | 3 |  3.5
Fighting       | 2 |  2.1
Unarmed Combat | |  3.8
Spellcasting   | |  2.5

Action                   |  1- 3 |  4- 6 || total
-------------------------+-------+-------++-------
Melee: Unarmed           |   110 |    42 ||   152
       Headbutt          |    16 |     4 ||    20
       Punch             |     7 |     2 ||     9
 Cast: Beastly Appendage |    27 |     6 ||    33
       Wereblood         |       |     1 ||     1
Armor: Robe              |    45 |       ||    45
       Leather armour    |       |     9 ||     9
Dodge: Dodged            |   124 |    31 ||   155

Table legend: (Time is in decaauts)
 A = Elapsed time spent in this place.
 B = Non-inter-level travel time spent in this place.
 C = Inter-level travel time spent in this place.
 D = Time resting spent in this place.
 E = Time spent auto-exploring this place.
 F = Levels seen in this place.
 G = Mean time per level.
                   A        B        C        D        E       F      G
               +--------+--------+--------+--------+--------+-----+--------+
         Total |   2688 |   2668 |     20 |    380 |   1852 |   3 |  896.0 |
       Dungeon |   2688 |   2668 |     20 |    380 |   1852 |   3 |  896.0 |
               +--------+--------+--------+--------+--------+-----+--------+

Top non-repeatable levels by time:
     D:1: 1347 daAuts
     D:2: 1266 daAuts
     D:3: 73 daAuts
